[Event "*** Titled Tuesday 3|2 Blitz"]
[Site "Chess.com"]
[Date "2016.02.02"]
[Round "3"]
[White "AvitalBor"]
[Black "nonsopolo1"]
[Result "1-0"]
[WhiteElo "2353"]
[BlackElo "2149"]
[TimeControl "180+2"]
[EndTime "11:38:35 PST"]
[Termination "AvitalBor won by resignation"]

1. Nf3 Nf6 2. c4 g6 3. Nc3 Bg7 4. d4 O-O 5. g3 d6 6. Bg2 Nc6 7. O-O a6 8. d5 Na5 9. Nd2 c5 10. Qc2 Rb8 11. a4 e6 12. Ra2 Ng4 13. b3 Bd7 14.
Bb2 exd5 15. Nxd5 Be6 16. Bxg7 Kxg7 17. Qc3+ Kg8 18. h3 Bxd5 19. Bxd5 Nf6 20. Ne4 Nxd5 21. cxd5 f5 22. Nd2 b6 23. Nf3 Qf6 24. Qd3 Ra8 25.
h4 h6 26. Re1 Nb7 27. Rd2 Nd8 28. Qe3 Kg7 29. Qf4 Nf7 30. e4 fxe4 31. Qxf6+ Kxf6 32. Rxe4 Rae8 33. Rde2 Rxe4 34. Rxe4 Nd8 35. Nd2 Kf7 36.
Nc4 Nb7 37. Nxb6 Rd8 38. Nc4 Rd7 39. Re6 Rd8 40. Kg2 Rd7 41. g4 Rd8 42. h5 gxh5 43. gxh5 Rg8+ 44. Kf1 Rg5 45. Rxh6 Rxd5 46. Rh7+ Kg8 47.
Rxb7 Rxh5 48. Nxd6 Rd5 49. Ne4 c4 50. Nf6+ 1-0

[Event "*** Titled Tuesday 3|2 Blitz"]
[Site "Chess.com"]
[Date "2016.02.02"]
[Round "3"]
[White "GMHess"]
[Black "Zazuliak"]
[Result "1-0"]
[WhiteElo "2476"]
[BlackElo "2305"]
[TimeControl "180+2"]
[EndTime "11:38:35 PST"]
[Termination "GMHess won by resignation"]

1. b3 d5 2. Bb2 c5 3. Nf3 Nc6 4. e3 a6 5. Be2 Nf6 6. O-O Bf5 7. c4 dxc4 8. bxc4 e6 9. d4 Be7 10. Qb3 Rb8 11. Rd1 cxd4 12. Nxd4 Nxd4 13. Bxd4 Qc7 14.
Qa4+ Kf8 15. Nd2 h6 16. Nf3 Rd8 17. Qb3 Nd7 18. Qb2 f6 19. Nh4 Bh7 20. Bh5 e5 21. Bc3 g5 22. Ng6+ Bxg6 23. Bxg6 Kg7 24. Bf5 Nc5 25.
Qc2 Rhf8 26. h3 Rxd1+ 27. Qxd1 Qc6 28. Qh5 Qe8 29. Qf3 Qf7 30. Bb4 Qxc4 31. Rb1 b5 32.
a3 Rd8 33. Rd1 Rxd1+ 34. Qxd1 Kf7 35. Qh5+ Kf8 36. Qxh6+ Ke8 37. Qh8+ Bf8 38. Qxf6 a5 39. Qc6+ Kf7 40. Qg6+ Ke7 41. Bxc5+ Qxc5 42. Qe6+ 1-0

[Event "*** Titled Tuesday 3|2 Blitz"]
[Site "Chess.com"]
[Date "2016.02.02"]
[Round "3"]
[White "GeorgMeier"]
[Black "jcibarra"]
[Result "1-0"]
[WhiteElo "2681"]
[BlackElo "2533"]
[TimeControl "180+2"]
[EndTime "11:38:44 PST"]
[Termination "GeorgMeier won by resignation"]

1. Nf3 Nf6 2. g3 g6 3. Bg2 Bg7 4. O-O O-O 5. d4 d6 6. b3 e5 7. dxe5 Nfd7 8. Bg5 Qe8 9. Nc3 h6 10. Be3 dxe5 11. Qd2 Kh7 12. Rad1 Nb6 13. a4 Nc6 14.
Bc5 e4 15. Bxf8 Bxf8 16. Nd4 f5 17. Ncb5 Qf7 18. a5 Nd7 19. Nxc7 Rb8 20. Nce6 Bb4 21. c3 Bxa5 22. b4 Bb6 23. Nxc6 bxc6 24. Qd6 Rb7 25.
Qxc6 Rb8 26. Qd6 Rb7 27. c4 Nf6 28. Nd8 Bxd8 29. Qxd8 Be6 30. c5 Rxb4 31. c6 Nd5 32. Rxd5 Bxd5 33. c7 Be6 34. Rc1 Rb2 35. e3 Qg7 36. Bf1 f4 37. gxf4 Rxf2 38. Kxf2 Qb2+ 39. Be2 Qxc1 40. Qe7+ Kh8 41. Qxe6 Qxc7 42. Qxg6 a5 43. Qxe4 Qd7 44. Qd4+ Qxd4 45. exd4 1-0

[Event "*** Titled Tuesday 3|2 Blitz"]
[Site "Chess.com"]
[Date "2016.02.02"]
[Round "3"]
[White "IMRosen"]
[Black "mssjust"]
[Result "0-1"]
[WhiteElo "2249"]
[BlackElo "2494"]
[TimeControl "180+2"]
[EndTime "11:38:47 PST"]
[Termination "mssjust won by resignation"]

1. d4 Nf6 2. Nf3 g6 3. c4 Bg7 4. Nc3 d5 5. h4 h6 6. h5 g5 7. Ne5 c6 8. e3 Nbd7 9. cxd5 Nxe5 10.
dxe5 Nxd5 11. Nxd5 Qxd5 12. Qxd5 cxd5 13. Bb5+ Bd7 14.
Bxd7+ Kxd7 15. f4 Rac8 16. Kd1 f6 17. exf6 Bxf6 18. f5 Rc4 19. Bd2 Rg4 20. Rc1 b6 21. Rc2 Rxg2 22. Bc3 Rxc2 23. Bxf6 Rhc8 24. Bc3 Rf2 25. Ke1 Rxf5 26. Ke2 g4 27. Bg7 Rc2+ 28.
Kd3 Rc6 29. b4 e5 30. b5 e4+ 31. Kd2 Rf2+ 32. Kd1 Re6 33. a4 g3 34. Rg1 g2 35.
Ke1 Ra2 36. Bd4 Re8 37. a5 Rc8 38. Kd1 Rf2 39. Ke1 Rf1+ 40. Rxf1 gxf1=Q+ 41. Kxf1 bxa5 42. Bxa7 a4 43. Bd4 a3 44. Ke2 Rc4 45. Bg7 Rb4 46.
Bxh6 Rb2+ 47. Kd1 a2 0-1

[Event "*** Titled Tuesday 3|2 Blitz"]
[Site "Chess.com"]
[Date "2016.02.02"]
[Round "3"]
[White "attack2mateU"]
[Black "pKiLz5Rn9b"]
[Result "1-0"]
[WhiteElo "2516"]
[BlackElo "2348"]
[TimeControl "180+2"]
[EndTime "11:39:01 PST"]
[Termination "attack2mateU won by resignation"]

1. e4 e6 2. d4 d5 3. e5 c5 4. c3 Nc6 5. Nf3 Qb6 6. a3 c4 7. Nbd2 Na5 8. g3 Bd7 9. Bh3 Ne7 10. O-O Nc8 11. Nh4 Qc7 12. f4 g6 13. Ng2 h5 14.
Ne3 Nb6 15. Nf3 Be7 16. Ng5 Ba4 17. Qf3 Nb3 18. Rb1 Nxc1 19. Rbxc1 Bd7 20. Rc2 Na4 21.
Re2 Bxg5 22. fxg5 Rf8 23. Nxd5 exd5 24. e6 O-O-O 25. exd7+ Kb8 26. Qxd5 Nb6 27. Qe5 Qxe5 28. Rxe5 Kc7 29. Re7 Na4 30. Rf2 Kd6 31. Rexf7 Rxf7 32. Rxf7 Nxb2 33. Rf6+ Kc7 34. Rxg6 Nd1 35. Rf6 Nxc3 36. g6 Nd5 37. Rf5 Ne7 38. Rc5+ Kd6 39. g7 Nc6 40. Rxc4 Rg8 41. Rc5 Ke7 42. d5 Nd8 43. Rc8 b6 44. Kf2 a5 45. a4 Rxg7 46. d6+ Kxd6 47. Rxd8 Rf7+ 48. Ke3 Re7+ 49. Kd4 b5 50. Rb8 Re5 51. d8=Q+ 1-0

[Event "*** Titled Tuesday 3|2 Blitz"]
[Site "Chess.com"]
[Date "2016.02.02"]
[Round "3"]
[White "kesarev"]
[Black "chessloveyou"]
[Result "1-0"]
[WhiteElo "2185"]
[BlackElo "2087"]
[TimeControl "180+2"]
[EndTime "11:39:23 PST"]
[Termination "kesarev won by resignation"]

1. e4 c6 2. d4 d5 3. exd5 cxd5 4. Bd3 Nc6 5. c3 e5 6. dxe5 Nxe5 7. Nf3 Nxd3+ 8. Qxd3 Nf6 9. O-O Be7 10. Bf4 O-O 11.
Nbd2 Be6 12. Nb3 Bg4 13. Nbd4 Bh5 14. Rfe1 Bc5 15. Bg5 h6 16. Bh4 Qb6 17. b4 Bxd4 18.
Nxd4 Bg6 19. Qb5 Qd6 20. Bxf6 Qxf6 21. Qxb7 Rac8 22. Re3 Be4 23. Rae1 a6 24. f3 Rxc3 25. Rxc3 Qxd4+ 26. Rce3 Bd3 27. Kh1 Bb5 28. a3 Qb2 29.
Qxd5 Rc8 30. Qe5 Qf2 31. Qg3 Qd2 32. h3 Rc2 33. h4 Rc4 34. Re4 Rc2 35. R4e3 Rc4 36.
Re4 Rc2 37. Kh2 Bc6 38. Rg4 g6 39. h5 g5 40. Qb8+ Kh7 41. Qa7 Qd6+ 42. Kh1 Bd7 43. Rge4 Qd2 44. Qg1 Bc6 45. Re7 Bd5 46. R7e3 g4 47.
R3e2 Qd3 48. Qe3 Rxe2 49. Qxd3+ Be4 50. Qxe4+ Rxe4 51. Rxe4 gxf3 52. gxf3 1-0

[Event "*** Titled Tuesday 3|2 Blitz"]
[Site "Chess.com"]
[Date "2016.02.02"]
[Round "3"]
[White "the_drake"]
[Black "JusticeBot"]
[Result "0-1"]
[WhiteElo "2013"]
[BlackElo "2419"]
[TimeControl "180+2"]
[EndTime "11:39:23 PST"]
[Termination "JusticeBot won by resignation"]

1. e4 e5 2. Nf3 Nc6 3. Bc4 Nf6 4.
Ng5 d5 5. exd5 b5 6. Bxb5 Qxd5 7. Bf1 h6 8. Nc3 Qd4 9. Nf3 Qb6 10. Bb5 Bc5 11. O-O O-O 12. Bxc6 Qxc6 13. Nxe5 Qd6 14. d4 Bxd4 15. Nb5 Qxe5 16. Nxd4 Bg4 17. f3 Rad8 18. c3 c5 19. Re1 Qd5 20. fxg4 cxd4 21.
cxd4 Rfe8 22. Be3 Re4 23. h3 Qb5 24. Qd2 Rde8 25. Bf2 Re2 26. Qc3 Ne4 27. Rxe2 Nxc3 28. Rxe8+ Qxe8 29. bxc3 Qe2 30. Re1 Qxa2 31. Be3 a5 32.
Rc1 a4 33. c4 Qb3 34. Kf2 a3 35. d5 Qb2+ 36. Kf3 a2 37. d6 Qf6+ 38. Ke4 Qxd6 39. Bd4 Qc6+ 40. Kd3 Qxg2 41. c5 Qxh3+ 42. Kc4 Qa3 43.
Ra1 Qa4+ 44. Kd5 Qb3+ 45. Kd6 Qg3+ 46. Kd5 Qf3+ 47. Kc4 Qe2+ 48. Kd5 Qg2+ 49. Kc4 Kf8 50. Kb3 Qd5+ 51. Kc3 g6 52. Be3 h5 53. gxh5 gxh5 54. Rg1 h4 55. Bh6+ Ke7 56. Bg5+ Qxg5 57. Rxg5 a1=Q+ 58. Kc4 Qc1+ 59. Kb5 Qxg5 0-1

[Event "*** Titled Tuesday 3|2 Blitz"]
[Site "Chess.com"]
[Date "2016.02.02"]
[Round "3"]
[White "Winehouse83"]
[Black "gmjoey1"]
[Result "0-1"]
[WhiteElo "2298"]
[BlackElo "2461"]
[TimeControl "180+2"]
[EndTime "11:39:25 PST"]
[Termination "gmjoey1 won by resignation"]

1. d4 Nf6 2. c4 e6 3. Nf3 Bb4+ 4. Nbd2 b6 5. g3 Bb7 6. Bg2 O-O 7. O-O d6 8. Nb1 d5 9. a3 Be7 10. Ne5 Nbd7 11.
Nc3 c6 12. Nxd7 Qxd7 13. cxd5 cxd5 14. Bf4 Rac8 15. Qd3 Rc4 16. Rac1 Rfc8 17. Na2 b5 18. Bd2 Ne4 19. Bb4 Bxb4 20. axb4 Qc6 21. Bf3 Qa6 22. Qa3 Qb6 23. Bxe4 dxe4 24. e3 h5 25. Rxc4 Rxc4 26.
Rc1 h4 27. Rxc4 bxc4 28. Qa5 Qc6 29. Nc3 f6 30. Qxa7 h3 31. b5 Qd7 32. Qb8+ Kh7 33.
Qf4 e5 34. Qh4+ Kg8 35. d5 Bxd5 36. g4 Be6 37. Qxh3 Qd2 38. Nxe4 Qd1+ 39. Kg2 Bxg4 40. Qg3 f5 41. h3 Be2 42. Nc3 Qf1+ 43. Kh2 e4 44. Nxe2 Qxe2 45. b6 Qxb2 46. Kg2 Qxb6 47.
Qc7 Qe6 48. Qd8+ Kh7 49. Qh4+ Qh6 50. Qe7 Qg6+ 51. Kh2 Qh5 52. Qe6 Qf3 53. Kg1 c3 54. Qc4 Qd1+ 55. Kg2 c2 56. Qc5 Qf3+ 0-1

[Event "*** Titled Tuesday 3|2 Blitz"]
[Site "Chess.com"]
[Date "2016.02.02"]
[Round "3"]
[White "Maitreia"]
[Black "AndroQueen"]
[Result "0-1"]
[WhiteElo "2454"]
[BlackElo "2407"]
[TimeControl "180+2"]
[EndTime "11:39:36 PST"]
[Termination "AndroQueen won by resignation"]

1. c4 c5 2. g3 g6 3. Bg2 Bg7 4. Nc3 Nc6 5. Nf3 d6 6. O-O e6 7.
a3 Nge7 8. Rb1 O-O 9. b4 b6 10.
b5 Na5 11. Qa4 Bb7 12. Bb2 d5 13. cxd5 exd5 14. d4 Nc4 15. Rfd1 Nf5 16. Ba1 cxd4 17. Na2 a6 18. Nxd4 axb5 19. Qb4 Nxd4 20. Bxd4 Bxd4 21.
Rxd4 Nxa3 22. Rc1 Ra4 23. Qd2 Nc4 24. Qc2 Qf6 25. e3 Rfa8 26. Nc3 Ra1 27. Nxd5 Bxd5 28.
Bxd5 R8a2 29. Rxa1 Rxc2 30. Ra8+ Kg7 31. Rf4 Qe7 32.
Rb8 Rc1+ 33. Kg2 Nd6 34. Rxb6 Qe5 35. e4 g5 36. Rf3 Rc7 37. h4 g4 38. Rf4 h5 39. Rb8 Rc1 40. Rb6 Qa1 41. e5 Rg1+ 42. Kh2 Qxe5 43. Kxg1 Qxd5 44. Kh2 Qd2 45. Rb8 Nc4 46.
Rb7 Ne5 47. Rxb5 Nf3+ 48. Kg2 Qd1 49. Rg5+ Kf8 50. Rxf3 gxf3+ 51. Kh2 Qf1 0-1

[Event "*** Titled Tuesday 3|2 Blitz"]
[Site "Chess.com"]
[Date "2016.02.02"]
[Round "3"]
[White "SidArun"]
[Black "Grootneus"]
[Result "0-1"]
[WhiteElo "2014"]
[BlackElo "2008"]
[TimeControl "180+2"]
[EndTime "11:39:40 PST"]
[Termination "Grootneus won by resignation"]

1. e4 c5 2. c3 Nf6 3. e5 Nd5 4. d4 cxd4 5. cxd4 d6 6. Nf3 Nc6 7. Bc4 e6 8. Nc3 Nxc3 9. bxc3 dxe5 10. dxe5 Qxd1+ 11. Kxd1 Bc5 12. Ke2 Bd7 13. Be3 Bxe3 14. Kxe3 O-O-O 15. Rhd1 Na5 16. Be2 Ba4 17. Rd4 Bc2 18.
Rc1 Bg6 19. Rcd1 Nc6 20. Rxd8+ Rxd8 21. Rxd8+ Kxd8 22. Bb5 Kc7 23. Bxc6 Kxc6 24. Kd4 b5 25. h4 h6 26. Nd2 a5 27. g4 a4 28. f4 Bc2 29. a3 Bd1 30. Ne4 Bxg4 31. Nd6 Bh5 32.
Ne8 Bg6 33. Nd6 f6 34. Nc8 fxe5+ 35. Kxe5 Bf5 36. Nd6 Kc5 37. Nxf5 exf5 38. Kxf5 Kc4 39. Kg6 Kxc3 40. Kxg7 b4 41. axb4 a3 42. f5 a2 43.
f6 a1=Q 44. f7 Kxb4+ 45. Kg8 Qg1+ 46. Kh7 Qf2 47. Kg7 Qg3+ 48. Kxh6 Qf4+ 49. Kg7 Qg4+ 50.
Kf8 Kc5 51. Ke8 Qe6+ 52. Kf8 Kd6 53. h5 Qh6+ 54. Kg8 Qg5+ 55. Kf8 Ke6 56. h6 Qxh6+ 57.
Ke8 Qg6 0-1

[Event "*** Titled Tuesday 3|2 Blitz"]
[Site "Chess.com"]
[Date "2016.02.02"]
[Round "3"]
[White "ethylalcohol"]
[Black "pedromartinez91"]
[Result "0-1"]
[WhiteElo "1729"]
[BlackElo "1962"]
[TimeControl "180+2"]
[EndTime "11:40:07 PST"]
[Termination "pedromartinez91 won by checkmate"]

1. e4 c5 2. Nc3 Nc6 3. g3 g6 4. Bg2 Bg7 5. d3 d6 6. Nge2 e6 7. Be3 Nge7 8. Qd2 Nd4 9. O-O Nec6 10.
Nc1 O-O 11. Nd1 Ne5 12. f4 Ng4 13. c3 Nc6 14. Ne2 Rb8 15. h3 Nxe3 16. Nxe3 b6 17.
f5 Ne5 18. Rf2 f6 19. fxe6 Bxe6 20. Nf4 Bd7 21. Nfd5 Kh8 22. Raf1 Be6 23. d4 Nd7 24. Nc4 Bxd5 25. exd5 Qc7 26. Qf4 cxd4 27. Nxd6 Ne5 28. cxd4 Qxd6 29. dxe5 fxe5 30. Qe4 Rxf2 31. Rxf2 Rf8 32.
Rxf8+ Bxf8 33. Qg4 h5 34. Qc8 Kg7 35. Qc6 Qc5+ 36.
Qxc5 Bxc5+ 37. Kf1 Kf6 38. Ke2 g5 39. Kd3 g4 40. hxg4 hxg4 41. Bf1 Bf2 42. Be2 Bxg3 43. Bxg4 Ke7 44. Kc4 Kd6 45. Bf3 Bf2 46. Kb5 Bd4 47.
b3 Bc3 48. a4 Bd4 49. Ka6 Kc7 50. Be2 e4 51. Kb5 a5 52. Kc4 Bc5 53. Kb5 Kd6 54.
Bc4 Ke5 55. Kc6 e3 56. Be2 Kd4 57. d6 Kc3 58. d7 Be7 59. Kxb6 Bd8+ 60. Kc6 Kxb3 61.
Kb7 Kxa4 62. Kc8 Bg5 63. d8=Q Bxd8 64. Kxd8 Kb4 65. Kc7 a4 66. Kd6 a3 67. Ke5 a2 68. Kf4 a1=Q 69. Kxe3 Qe5+ 70. Kf2 Kc3 71. Bf3 Kd2 72. Kg2 Qf4 73. Kf2 Qg5 74. Be2 Qe3+ 75. Kg2 Qxe2+ 76. Kg3 Qf1 77. Kh2 Qf7 78. Kg3 Qf5 79. Kh4 Qg6 80. Kh3 Ke2 81. Kh4 Kf3 82. Kh3 Qh5# 0-1

[Event "*** Titled Tuesday 3|2 Blitz"]
[Site "Chess.com"]
[Date "2016.02.02"]
[Round "3"]
[White "madalin18"]
[Black "alturas_pacificas"]
[Result "0-1"]
[WhiteElo "2006"]
[BlackElo "2020"]
[TimeControl "180+2"]
[EndTime "11:40:26 PST"]
[Termination "alturas_pacificas won by resignation"]

1. e4 g6 2. d4 Bg7 3. c4 c5 4. Be3 Nc6 5. Nf3 cxd4 6. Nxd4 d6 7. Nc3 Bd7 8. Be2 Nf6 9. O-O O-O 10. h3 a6 11. Kh1 Rc8 12. Rc1 Qa5 13. b3 Rfd8 14.
a4 Rf8 15. f4 Qd8 16. Bf3 Nb4 17. e5 dxe5 18. fxe5 Ne8 19. Bxb7 Rb8 20. Bd5 e6 21. Be4 Bxe5 22. Nf3 Bg7 23. Bc5 Nf6 24. Bxf8 Qxf8 25. Bb1 Rd8 26. Qe2 Bc6 27. Ne5 Nh5 28. Qe3 Be8 29.
Ng4 Qd6 30. Ne4 Qd4 31. Qxd4 Rxd4 32. c5 Rxe4 33. Bxe4 Ng3+ 34. Kh2 Nxe4 35. c6 Bxc6 36. Rfd1 f5 37. Rc4 fxg4 38. Rxb4 Be5+ 39. Kg1 gxh3 40. gxh3 Bd5 41. Re1 Nd2 42. Kf2 Bd6 43. Rd4 Nxb3 44. Rdd1 Bc5+ 45. Kg3 Nd4 46. Rf1 Nf5+ 47. Kf4 Bd6+ 48.
Kg5 Kg7 49. Rb1 h6+ 50. Kg4 Ne3+ 51. Kh4 g5+ 52. Kh5 e5 53. Rf2 Bf7+ 54. Rxf7+ Kxf7 55. Kxh6 Kf6 56. Rb6 Nf5+ 57. Kh7 e4 58. Rxa6 e3 59. Rb6 e2 60. Rb1 Bb4 61. a5 Bxa5 62. Kg8 e1=Q 63. Rxe1 Bxe1 64. Kh7 Bh4 65. Kg8 Kg6 66. Kh8 Nd4 67. Kg8 Nf3 0-1

[Event "*** Titled Tuesday 3|2 Blitz"]
[Site "Chess.com"]
[Date "2016.02.02"]
[Round "3"]
[White "KNVB"]
[Black "AnthonyWirig"]
[Result "1-0"]
[WhiteElo "2398"]
[BlackElo "2520"]
[TimeControl "180+2"]
[EndTime "11:40:28 PST"]
[Termination "KNVB won by resignation"]

1. d4 Nf6 2. c4 e6 3. Nc3 Bb4 4. Qc2 O-O 5. Nf3 d6 6. Bd2 Nc6 7. g3 Qe7 8. Bg2 h6 9. O-O Re8 10. a3 Bxc3 11. Bxc3 e5 12. dxe5 dxe5 13. b4 e4 14. Nd4 Ne5 15. c5 Ng6 16. Bb2 Bg4 17.
Nb5 a6 18. Bxf6 gxf6 19. Nc3 f5 20. Rad1 c6 21. Rd6 Ne5 22. Qc1 Qg5 23. Rxh6 Qg7 24. h3 e3 25. Rd6 Bh5 26. Kh2 Nc4 27.
Rd7 f4 28. gxf4 Qf6 29. fxe3 Nxe3 30. Rf2 Bg6 31. Rd6 Qh4 32. Rf3 Nf5 33. Rd1 Rad8 34. Rxd8 Rxd8 35. Ne4 Bh5 36. Rd3 Rxd3 37. exd3 Nd4 38. Qf1 f5 39. Ng3 Bf7 40. Qf2 Qf6 41. Qe3 Kf8 42. Ne2 Ne6 43. d4 Nc7 44.
Qe5 Ne8 45. Qxf6 Nxf6 46. Bf3 Ke7 47. Nc3 Bc4 48. Kg3 Ke6 49. Kf2 Bd3 50. Ke3 Bc4 51. a4 Ne8 52. Be2 Bb3 53. b5 axb5 54. axb5 Nc7 55. b6 Ne8 56. Ba6 Kd7 57. Bxb7 Nf6 58.
Ba6 Nh5 59. Be2 Nf6 60. Bd3 Be6 61. h4 Ng4+ 62. Kf3 Nf6 63. Nd1 Kc8 64. Ne3 Kb7 65.
Nxf5 Bd5+ 66. Kg3 Nh5+ 67. Kg4 Nf6+ 68. Kg5 Nh7+ 69. Kg6 Nf8+ 70. Kf6 Ne6 71. Ke5 Nd8 72. Ne7 Nf7+ 73. Kf6 Bh1 74. h5 Nh6 75. Be2 1-0

[Event "*** Titled Tuesday 3|2 Blitz"]
[Site "Chess.com"]
[Date "2016.02.02"]
[Round "3"]
[White "Mornar1951"]
[Black "BahadirOzen"]
[Result "0-1"]
[WhiteElo "2615"]
[BlackElo "2510"]
[TimeControl "180+2"]
[EndTime "11:40:40 PST"]
[Termination "BahadirOzen won by resignation"]

1. Nf3 d6 2. d4 g6 3. c4 Bg7 4. e4 e5 5. Nc3 exd4 6. Nxd4 Nc6 7. Be3 Nge7 8. h4 f5 9. h5 fxe4 10. hxg6 hxg6 11. Rxh8+ Bxh8 12. Nxe4 Bf5 13. Nxf5 gxf5 14. Nc3 Bxc3+ 15. bxc3 b6 16. Qh5+ Kd7 17. c5 bxc5 18. Bxc5 Qh8 19. Qxh8 Rxh8 20. Be3 Nd5 21. Bd2 Re8+ 22.
Kd1 Ne5 23. Rb1 Ng4 24. Be1 Nxf2+ 25. Kc2 Ne3+ 26. Kc1 Nxf1 27. Bxf2 Re2 28. Rb2 Rxb2 29. Kxb2 c5 30. Kc2 Nh2 31. Kd3 Ng4 32. Bg3 Kc6 33.
c4 d5 34. cxd5+ Kxd5 35. Bb8 a6 36. Bf4 Nf2+ 37. Kc3 c4 38. Bh6 a5 39. Kc2 Ne4 40.
Bf8 Kd4 41. Be7 Ke3 42. a4 Kd4 43. Bd8 Nc5 44. Bxa5 Nxa4 45. Bd2 Nc5 46. Bf4 Ne4 47. Bc7 Ke3 48. Bb6+ Kf4 49. Bc7+ Kg4 50. Kb2 Nf6 51.
Be5 Nd5 52. Ka3 f4 53. Kb2 Kf5 54. Bb8 Ke4 55. Kc2 Ke3 56. Bd6 Kd4 57. Kd2 c3+ 58. Ke2 Ke4 59. Ba3 Ne3 60. Kf2 Ng4+ 61.
Ke2 Ne5 62. Bb4 c2 63. Kd2 c1=Q+ 64. Kxc1 Nd3+ 65. Kd2 Nxb4 66. Ke2 Nd5 67. Kf2 Ne3 68. g3 Ng4+ 69. Kg2 f3+ 70. Kh3 Ke3 71. Kxg4 f2 0-1

[Event "*** Titled Tuesday 3|2 Blitz"]
[Site "Chess.com"]
[Date "2016.02.02"]
[Round "3"]
[White "Boryboy"]
[Black "ftorodent"]
[Result "1-0"]
[WhiteElo "2487"]
[BlackElo "2301"]
[TimeControl "180+2"]
[EndTime "11:40:45 PST"]
[Termination "Boryboy won on time"]

1. d4 d5 2. Nf3 Nf6 3. c4 e6 4. g3 Be7 5. Bg2 O-O 6. O-O dxc4 7. Ne5 Nc6 8. Bxc6 bxc6 9. Nxc6 Qe8 10. Nxe7+ Qxe7 11.
Qa4 e5 12. dxe5 Qxe5 13. Qxc4 Qh5 14. f3 a5 15. Nc3 Ba6 16. Qh4 Qc5+ 17. Kg2 Rfe8 18.
Re1 Rab8 19. Qf4 Nd5 20. Nxd5 Qxd5 21. e4 Qe6 22. b3 a4 23. bxa4 Rb4 24. a5 Rc4 25.
Be3 Rc2+ 26. Kg1 h6 27. Rec1 Re2 28. Re1 Rc2 29. Qf5 Qxf5 30. exf5 Bb7 31. a3 Bxf3 32. a6 Rg2+ 33. Kf1 Rxh2 34. Bf2 Rh1+ 35. Bg1 Ra8 36. Kf2 Bc6 37. Rac1 Rxa6 38. Rc3 Rh5 39. Re5 Rg5 40. Ke1 Bd7 41. Rxc7 Bxf5 42. Be3 Rxg3 43.
Kf2 Rxe3 44. Rxe3 g5 45. Rc5 Be6 46. Rc1 Kg7 47. Ra1 Ra4 48. Rb1 h5 49. Rb4 Ra6 50. a4 h4 51. Ra3 g4 52. a5 Kf6 53.
Rb6 Ra7 54. a6 Kg5 55. Ra5+ Kg6 56. Rb7 Ra8 57. a7 g3+ 58. Kf3 Rc8 59. Rb8 Rc3+ 60. Ke2 Bg4+ 61. Kd2 g2 62. Rg8+ Kf6 63. Rxg4 1-0

[Event "*** Titled Tuesday 3|2 Blitz"]
[Site "Chess.com"]
[Date "2016.02.02"]
[Round "3"]
[White "DrVitman"]
[Black "HovmoellerHest"]
[Result "1/2-1/2"]
[WhiteElo "2093"]
[BlackElo "2157"]
[TimeControl "180+2"]
[EndTime "11:40:50 PST"]
[Termination "Game drawn - insufficient material"]

1. d4 Nf6 2. c4 e6 3. Nf3 b6 4. g3 Bb7 5. Bg2 c6 6. O-O d5 7. b3 Be7 8. Bb2 O-O 9. Qc2 Nbd7 10. Nbd2 a6 11. e4 dxe4 12. Nxe4 Nxe4 13. Qxe4 Qc7 14. Ne5 Nxe5 15. dxe5 Rad8 16. Rad1 Ba8 17.
h4 c5 18. Qe2 Bxg2 19. Kxg2 Qc6+ 20. Qf3 Qxf3+ 21. Kxf3 Rxd1 22. Rxd1 Rd8 23. Rxd8+ Bxd8 24. Ke4 Kf8 25. h5 g6 26. g4 Bh4 27. f3 Ke8 28. Bc1 Be7 29. Bh6 Kd7 30. f4 Kc6 31.
f5 b5 32. f6 Bd8 33. Bd2 bxc4 34. bxc4 Bc7 35. Bc3 Kd7 36. Kf4 Ke8 37. Kg5 Kf8 38.
Kh6 Kg8 39. Kg5 Kf8 40. Kf4 Ke8 41. Ke4 Bb6 42. Kd3 Kd7 43. Kc2 Bc7 44. Kb3 Kc6 45. Ka4 Bb8 46. Kb3 Bc7 47. a3 Bb8 48. Kc2 Bc7 49.
Kd3 Kd7 50. Ke4 Ke8 51. Bd2 Kd7 52. Bh6 Ke8 53. Be3 Bb6 54. Kf4 Ba7 55. Bf2 Kf8 56. Be1 Bb6 57. Ke4 Ke8 58. Bd2 Kf8 59. Bh6+ Ke8 60. Kf4 Bc7 61. Bg7 Kd7 62. Kg5 Bxe5 63.
Kh6 gxh5 64. gxh5 Bf4+ 65. Kxh7 e5 66. Bh6 Bxh6 67. Kxh6 e4 68. Kg7 e3 69. h6 e2 70. h7 e1=Q 71. h8=Q Qe6 72. Qh5 Qxc4 73. Qxf7+ Qxf7+ 74. Kxf7 c4 75. Kg7 c3 76. f7 c2 77.
f8=Q c1=Q 78. Qf7+ Kd6 79. Qf8+ Kd5 80. Qa8+ Ke5 81. Qxa6 Qc7+ 82. Kg6 Qd6+ 83. Qxd6+ Kxd6 84. Kf5 Kc5 85. Ke4 Kc4 86. Ke3 Kb3 87. a4 Kxa4 1/2-1/2

[Event "*** Titled Tuesday 3|2 Blitz"]
[Site "Chess.com"]
[Date "2016.02.02"]
[Round "3"]
[White "FairChess_on_YouTube"]
[Black "Smirnov_Pavel"]
[Result "1-0"]
[WhiteElo "2763"]
[BlackElo "2531"]
[TimeControl "180+2"]
[EndTime "11:40:56 PST"]
[Termination "FairChess_on_YouTube won by resignation"]

1. d4 d5 2. Nf3 Nf6 3. c4 e6 4. Nc3 c6 5. g3 Nbd7 6. Bg2 Be7 7.
O-O O-O 8. b3 b6 9. Bb2 Ba6 10. Nd2 b5 11. Rc1 Rc8 12. Re1 bxc4 13. bxc4 dxc4 14. Qa4 Bb5 15. Qc2 Qa5 16. e4 Rfd8 17.
d5 Nc5 18. d6 Bf8 19. e5 Nd5 20. Nce4 Nd3 21. Bd4 c5 22. Bc3 Qa6 23. Qd1 Nxc1 24. Qxc1 Qxa2 25. Qd1 Qa3 26. Qf3 Nxc3 27. Nxc3 Bc6 28.
Qe3 Bxg2 29. Kxg2 Qa6 30. Nde4 Qc6 31. Ra1 Rd7 32. Kh3 Rb8 33. Qxc5 Qb7 34. Qxc4 Rc8 35. Qd3 Qc6 36. Ra6 Qc4 37. Qxc4 Rxc4 38. f4 h6 39. Ra5 Kh7 40. Nc5 Rd8 41. N3e4 f5 42. exf6 Bxd6 43.
Nxe6 Rxe4 44. Nxd8 gxf6 45. Rxa7+ Kg6 46. Ra6 Bc5 47.
Ne6 Bg1 48. Nf8+ Kf7 49. Nd7 Bd4 50. Kg4 Re2 51. Kf5 Rxh2 52. Nxf6 Bxf6 53. Rxf6+ Kg7 54. Rg6+ Kh7 55. Ra6 Rb2 56. Ra7+ Kg8 57. Re7 Rb5+ 58. Kf6 Ra5 59. f5 Ra6+ 60. Re6 Ra3 61. Re8+ Kh7 62. Re7+ Kh8 63. g4 Ra4 64. Kf7 Rxg4 65. f6 h5 66. Re5 Rh4 67. Kg6 Rg4+ 68. Kf7 Rh4 69. Ke8 Ra4 70. Rxh5+ Kg8 71. f7+ 1-0

[Event "*** Titled Tuesday 3|2 Blitz"]
[Site "Chess.com"]
[Date "2016.02.02"]
[Round "3"]
[White "Dlugy"]
[Black "tigra"]
[Result "1/2-1/2"]
[WhiteElo "2566"]
[BlackElo "2375"]
[TimeControl "180+2"]
[EndTime "11:41:44 PST"]
[Termination "Game drawn by agreement"]

1. d4 Nf6 2. Bf4 g6 3. Nc3 Bg7 4. e4 d6 5. Qd2 Nc6 6. Bb5 O-O 7. Bxc6 bxc6 8. Nge2 Re8 9. O-O Ba6 10. Rfe1 Qb8 11.
Rab1 Qb4 12. a3 Qa5 13. h3 Nd7 14. b4 Qb6 15. Bh6 Bh8 16. Be3 Bc4 17. f4 a5 18. e5 axb4 19. Rxb4 Qa6 20. Ra4 Qxa4 21.
Nxa4 Rxa4 22. Ra1 Rea8 23. Nc3 Rxa3 24. Rxa3 Rxa3 25. Ne4 Bd5 26. Nc3 Bc4 27. Bf2 Nb6 28. Ne4 Bd5 29. Qc1 Ra8 30. Nd2 Nc4 31. Nxc4 Bxc4 32.
Qb2 Ba6 33. Qc3 Bb7 34. Qb3 Bc8 35. Bh4 Kf8 36. c4 h6 37. Qe3 Be6 38. f5 Bxf5 39.
Qxh6+ Kg8 40. Qe3 Kf8 41. Kh2 Re8 42. Bg3 Be6 43. Qf3 dxe5 44. dxe5 Bxc4 45. Qxc6 Be6 46. Qxc7 Bg7 47. Bf4 Bf5 48. g4 Be6 49. Kg3 Rc8 50.
Qb7 Ke8 51. Qb5+ Bd7 52. Qd3 Be6 53. h4 Kf8 54. h5 g5 55. Bxg5 Bxe5+ 56. Kf2 Bg7 57. h6 Bh8 58. Qa3 Kg8 59. Qxe7 Bd4+ 60. Be3 Bxe3+ 61. Kxe3 Kh7 62. Qf6 Rg8 63. g5 Rg6 64. Qf4 Rg8 65. Kd4 Rg6 66. Ke5 Rg8 67. Kd6 Rg6 68. Ke7 Rg8 69. Qe4+ Rg6 70. Qd3 Ba2 71.
Qf5 Be6 72. Qe4 Ba2 73. Kf8 Be6 74. Qd3 Ba2 75. Qe4 Be6 76. Qc2 Bd5 77. Qc3 Rg8+ 78.
Ke7 Rxg5 79. Qe3 Rg6 80. Kf8 Be6 81. Qe5 Ba2 82. Qe2 Bb3 83. Qf3 Bc4 84. Qf4 Bd5 85.
Qe5 Be6 86. Ke7 Bc4 87. Qf4 Bd5 88. Qd4 Bb3 89. Qd3 Ba2 90. Kf8 Be6 91. Qe4 Bb3 92. Qd3 1/2-1/2

[Event "*** Titled Tuesday 3|2 Blitz"]
[Site "Chess.com"]
[Date "2016.02.02"]
[Round "3"]
[White "KyronGriffith"]
[Black "APL2001"]
[Result "1-0"]
[WhiteElo "2266"]
[BlackElo "2142"]
[TimeControl "180+2"]
[EndTime "11:41:49 PST"]
[Termination "KyronGriffith won on time"]

1. e4 Nf6 2. Nc3 e5 3. Nf3 Nc6 4. d4 exd4 5. Nxd4 Bb4 6. Nxc6 bxc6 7. Bd3 d5 8. exd5 cxd5 9. O-O O-O 10. h3 c6 11. Qf3 Be6 12. a3 Be7 13. Bf4 c5 14.
Rfe1 Re8 15. Rad1 Qb6 16. b3 Rac8 17. Na4 Qa5 18. Bd2 Qc7 19. Bf4 Qa5 20. Bd2 Qc7 21.
Bf5 Bxf5 22. Qxf5 Rcd8 23. Bf4 Bd6 24. Bg5 Re5 25. Rxe5 Bxe5 26. Bxf6 Bxf6 27. Rxd5 Re8 28. g3 c4 29. Rc5 Qb7 30. Qd5 Qe7 31. Qxc4 Qd7 32.
Kg2 Qb7+ 33. Qd5 Qe7 34. Rc6 Rd8 35. Qc4 Qb7 36. Kh2 h6 37. Rc7 Qf3 38. Qf4 Qd1 39. g4 Qe1 40. Rc5 Rd2 41. Rf5 Re2 42. Rxf6 gxf6 43.
Kg3 Qg1+ 44. Kh4 Qxf2+ 45. Qxf2 Rxf2 46. c4 Rf3 47. Nc5 f5 48. a4 f4 49. b4 Rc3 50.
b5 Rxc4 51. Nd3 Rxa4 52. Kh5 Kh7 53. h4 Rd4 54. Nf2 Rd5+ 55. g5 hxg5 56. hxg5 Rxb5 57.
Ne4 a5 58. Kg4 Rb4 59. Nf6+ Kg6 60. Nd5 Rd4 61. Ne7+ Kh7 62. Nc6 Ra4 63. Ne5 Kg7 64. Nc6 Ra1 65. Kxf4 a4 66. Ne7 a3 67. Nf5+ Kf8 68.
Ne3 a2 69. Nc2 Rf1+ 70. Kg3 1-0